 Dungeon Crawl Stone Soup version 0.31.0-12-g77e489cdc1 (webtiles) character file.

Game seed: 16661700720512471807

34 ChromefareZ the Chopper (level 3, 0/49 HPs)
             Began as a Minotaur Berserker on Feb 21, 2024.
             Was a Believer of Trog.
             Slain by an iguana (8 damage)
             ... on level 2 of the Dungeon.
             The game lasted 00:07:19 (1180 turns).

ChromefareZ the Chopper (Minotaur Berserker)        Turns: 1180, Time: 00:07:20

Health: 0/49       AC:  6    Str: 23    XL:     3   Next: 14%
Magic:  2/2        EV: 10    Int:  4    God:    Trog [**....]
Gold:   65         SH:  0    Dex:  9    Spells: 2/2 levels left

rFire   . . .        b - +0 scimitar
rCold   . . .        (no shield)
rNeg    . . .        d - +0 scale mail
rPois   .            (helmet restricted)
rElec   .            (no cloak)
rCorr   .            (no gloves)
SInv    .            (no boots)
Will    .....        (no amulet) Stlth
                     (no ring)
HPRegen 0.28/turn    (no ring)
MPRegen 0.08/turn

%: no passive effects
@: berserking, very quick
A: horns 2, retaliatory headbutt
a: Renounce Religion, Berserk, Trog's Hand


You were on level 2 of the Dungeon.
You worshipped Trog.
Trog was pleased with you.
You visited 1 branch of the dungeon, and saw 2 of its levels.

You collected 65 gold pieces.

Inventory:

Hand Weapons
 a - a +0 hand axe
 b - a +0 scimitar (weapon)
Missiles
 c - 2 boomerangs (quivered)
 e - 19 stones
Armour
 d - a +0 scale mail (worn)
Scrolls
 f - a scroll of immolation {unknown}
 h - 2 scrolls of identify {unknown}
 i - a scroll of noise {unknown}
 k - a scroll of poison {unknown}
Potions
 g - a potion of curing {unknown}
 j - a potion of brilliance {unknown}


   Skills:
 + Level 4.0 Fighting
 + Level 1.1 Long Blades
 + Level 4.4 Axes
 + Level 2.7 Armour
 + Level 2.3 Dodging


You had 2 spell levels left.
You didn't know any spells.
Your spell library contained the following spells:

 Spells                   Type           Power      Damage    Failure   Level
 Scorch                   Fire           0%         2d5       91%         2
 Call Canine Familiar     Summ           0%         N/A       99%         3
 Volatile Blastmotes      Fire/Tloc      0%         2d10      99%         3
 Summon Forest            Summ/Tloc      0%         N/A       100%        5
 Haunt                    Necr/Summ      0%         N/A       100%        7


Dungeon Overview and Level Annotations

Branches:
Dungeon (2/15)

Altars:


Innate Abilities, Weirdness & Mutations

You have a pair of horns on your head.
You reflexively headbutt those who attack you in melee.


Message History

The hobgoblin shouts!
An iguana comes into view.
You see here a bat corpse.
The iguana hisses angrily.
A ribbon worm comes into view.
The hobgoblin barely misses you.
You hit the hobgoblin but do no damage. You headbutt the hobgoblin.
The hobgoblin is severely wounded.
The hobgoblin closely misses you. You furiously retaliate!
You headbutt the hobgoblin.
You kill the hobgoblin!
Trog accepts your kill. The iguana bites you. The iguana bites you!
You hit the iguana but do no damage. You headbutt the iguana.
The iguana is moderately wounded.
The iguana barely misses you.
You hit the iguana but do no damage.
The iguana is moderately wounded.
The iguana bites you but does no damage.
The ribbon worm expels a string of sticky webbing.
The stream of webbing hits you but does no damage.
You are caught in a web!
You struggle to detach yourself from the web.
The iguana bites you but does no damage.
The web tears apart.
The iguana bites you but does no damage.
The ribbon worm bites you but does no damage.
You slash the ribbon worm! You headbutt the ribbon worm!
The ribbon worm is almost dead.
The iguana barely misses you. x2
The ribbon worm expels a string of sticky webbing.
The stream of webbing hits you but does no damage.
You are caught in a web!
The web tears apart.
The iguana bites you!
* * * LOW HITPOINT WARNING * * *
A red film seems to cover your vision as you go berserk!
You feel yourself moving faster!
You feel mighty! The ribbon worm bites you!
* * * LOW HITPOINT WARNING * * *
The iguana bites you!
You die...

#...8.8....
#..........
#..........
#..........
#..[.......
#..........
#.lw.......
#..@.......
#..........
#..........
####†##...... #
#....# ..#.## .#
#...## ..# ###.####
#...# .. .!.....
#...########.......
#...#..............


You could see a ribbon worm (catching breath) and an iguana.

Vanquished Creatures
  A dart slug (D:1)
  A ball python (D:1)
  4 bats
  3 endoplasms
  6 goblins (D:1)
  3 hobgoblins
  3 jackals (D:2)
  A kobold (D:1)
  A quokka (D:1)
  A frilled lizard (D:1)
  2 rats (D:1)
26 creatures vanquished.

Notes
Turn   | Place    | Note
-------+----------+-------------------------------------------
     0 | D:1      | ChromefareZ the Minotaur Berserker began the quest for the
                  | Orb.
     0 | D:1      | Reached XP level 1. HP: 19/19 MP: 0/0
   136 | D:1      | Got the Collected Works on Combined Kindling
   383 | D:1      | Reached XP level 2. HP: 26/27 MP: 1/1
  1145 | D:2      | Reached skill level 1 in Long Blades
  1166 | D:2      | Reached ** piety under Trog
  1167 | D:2      | Reached XP level 3. HP: 33/33 MP: 2/2
  1180 | D:2      | Slain by an iguana

Illustrated notes

Levels and vault maps discovered:
D:1:      amcnicky_arrival_flooded_fountain, layout_basic, serial_forest,
          infiniplex_forest_straight_4, infiniplex_forest_lined_3_way,
          infiniplex_forest_corner_2, infiniplex_forest_zigzag_1,
          infiniplex_forest_clump_small, infiniplex_forest_clump_medium,
          ebering_dispersal_statue_hall
D:2:      minmay_inner_zag, layout_basic,
          dreamdust_ecumenical_altar_angels_and_demons, minmay_box_of_dots

Skill      XL: |  1  2 |
---------------+-------+-----
Axes           | 4 |  4.4
Fighting       | 4 |  4.0
Long Blades    | 1 |  1.1
Armour         | |  2.7
Dodging        | |  2.3

Action                     || total
---------------------------++-------
  Melee: Scimitar          ||    39
         Hand axe          ||     6
         Headbutt          ||     7
 Invoke: Berserk           ||     1
 Armour: Scale mail        ||    37
  Dodge: Dodged            ||    36
